[Event "Nationale Pupillendag 2012 - Cat. F"]
[Site "Roosendaal"]
[Date "2012.06.16"]
[Round "2.10"]
[White "Kerkmeester, Cedric"]
[Black "De Oude, Fenna"]
[Result "1-0"]
[ECO "C41"]
[WhiteElo "882"]
[BlackElo "415"]
[PlyCount "71"]
[EventDate "2012.??.??"]
[TimeControl "1200+65"]
[WhiteClock "0:13:56"]
[BlackClock "0:13:05"]

1. e4 e5 2. Nf3 d6 3. d3 Nf6 4. Bg5 d5 5. Nc3 dxe4 6. Nxe4 Be7 7. Nxf6+ Bxf6 8.
Bxf6 Qxf6 9. Qe2 O-O 10. g3 Nc6 11. Bg2 Nd4 12. Nxd4 exd4 13. O-O b5 14. Bxa8
Qh6 15. Bg2 Bh3 16. Rae1 Qh5 17. Qxh5 Bxg2 18. Kxg2 a5 19. Qxb5 a4 20. Qe8 h6
21. Qxa4 c6 22. Qxc6 h5 23. Re4 Kh8 24. Re8 Kg8 25. Rxf8+ Kxf8 26. Qd6+ Kg8 27.
Qxd4 Kh8 28. c4 Kh7 29. c5 Kh6 30. c6 Kg5 31. c7 h4 32. c8=Q h3+ 33. Qxh3 f6
34. Qe4 f5 35. Qhh4+ Kg6 36. Qe6# 1-0

[Event "Nationale Pupillendag 2012 - Cat. F"]
[Site "Roosendaal"]
[Date "2012.06.16"]
[Round "2.14"]
[White "Salomons, Quinten"]
[Black "Bolleman, Brigitte"]
[Result "1-0"]
[ECO "C40"]
[WhiteElo "810"]
[BlackElo "519"]
[PlyCount "47"]
[EventDate "2012.??.??"]
[TimeControl "1200+30"]
[WhiteClock "0:17:18"]
[BlackClock "0:16:12"]

1. e4 e5 2. Nf3 Bc5 3. Nxe5 Qf6 4. Nf3 g5 5. Qe2 g4 6. Ng1 d6 7. Nc3 g3 8. hxg3
Bg4 9. Nf3 Bxf3 10. Qxf3 Qd4 11. d3 f6 12. Be3 Qe5 13. Bxc5 dxc5 14. O-O-O Nh6
15. Be2 O-O 16. Rxh6 Qg5+ 17. Qf4 Kg7 18. Qxg5+ fxg5 19. Rh5 g4 20. Bxg4 Nc6
21. Rdh1 Rxf2 22. Rxh7+ Kf6 23. Nd5+ Kg5 24. Rg7# 1-0

[Event "Nationale Pupillendag 2012 - Cat. F"]
[Site "Roosendaal"]
[Date "2012.06.16"]
[Round "2.15"]
[White "Koster, David"]
[Black "Vos, Boris"]
[Result "1-0"]
[ECO "C44"]
[WhiteElo "771"]
[BlackElo "452"]
[PlyCount "38"]
[EventDate "2012.??.??"]
[TimeControl "1200+85"]
[WhiteClock "0:14:33"]
[BlackClock "0:15:09"]

1. e4 e5 2. Nf3 Nc6 3. d4 Bd6 4. d5 Nd4 5. Nxd4 exd4 6. Qxd4 Nf6 7. e5 Qe7 8.
f4 Bc5 9. Qc3 O-O 10. Be2 d6 11. exf6 Re8 12. Qd3 Qxf6 13. Nc3 Bf5 14. Qf3 Qh4+
15. g3 Qd8 16. Kd1 Be4 17. Nxe4 Qd7 18. Bd2 Qa4 19. Nxc5 dxc5 1-0

[Event "Nationale Pupillendag 2012 - Cat. F"]
[Site "Roosendaal"]
[Date "2012.06.16"]
[Round "1.1"]
[White "Hoeneveld, Maarten"]
[Black "Varnica, Milan"]
[Result "1-0"]
[ECO "B21"]
[WhiteElo "1355"]
[BlackElo "724"]
[PlyCount "91"]
[EventDate "2012.??.??"]
[TimeControl "1200+410"]
[WhiteClock "0:02:29"]
[BlackClock "0:09:59"]

1. e4 c5 2. d4 cxd4 3. c3 dxc3 4. Nxc3 Nc6 5. Bc4 e6 6. Nf3 Nge7 7. Bf4 Ng6 8.
Bg3 Be7 9. Nb5 d6 10. Bxd6 Bxd6 11. Nxd6+ Ke7 12. Nxc8+ Rxc8 13. Qb3 b6 14. O-O
Re8 15. Rfd1 Qc7 16. Bb5 Red8 17. Bxc6 Qxc6 18. Qa3+ Ke8 19. Rxd8+ Rxd8 20. h3
Qc7 21. Qa4+ Kf8 22. Ng5 Kg8 23. Qb3 Qe5 24. Nf3 Qxe4 25. Qa3 Qb7 26. Rc1 h6
27. Qc3 Rc8 28. Qxc8+ Qxc8 29. Rxc8+ Kh7 30. Kf1 Ne7 31. Rc7 Nd5 32. Rxa7 Kg6
33. Ke2 Nf4+ 34. Ke3 Nxg2+ 35. Ke4 Kf6 36. Rb7 g6 37. Rxb6 Ke7 38. a4 Kd7 39.
a5 Kc7 40. Rb3 Kc6 41. a6 Kc5 42. a7 Kc4 43. Rc3+ Kb4 44. a8=Q Kb5 45. Qb7+ Ka4
46. Ra3# 1-0

[Event "Nationale Pupillendag 2012 - Cat. F"]
[Site "Roosendaal"]
[Date "2012.06.16"]
[Round "1.6"]
[White "Luiten, Timo"]
[Black "De Haas, Tristan"]
[Result "0-1"]
[ECO "C50"]
[WhiteElo "670"]
[BlackElo "937"]
[PlyCount "28"]
[EventDate "2012.??.??"]
[TimeControl "1200+75"]
[WhiteClock "0:17:28"]
[BlackClock "0:18:33"]

1. e4 e5 2. Nf3 Nc6 3. Nc3 Nf6 4. Bc4 Bc5 5. Ng5 d5 6. exd5 h6 7. dxc6 hxg5 8.
cxb7 Bxb7 9. O-O e4 10. Qe1 O-O 11. d3 exd3 12. Bxd3 Qd6 13. Nb5 Qc6 14. Bxg5
Qxg2# 0-1

[Event "Nationale Pupillendag 2012 - Cat. F"]
[Site "Roosendaal"]
[Date "2012.06.16"]
[Round "1.7"]
[White "Kroetkov, Ivan"]
[Black "Lagerweij, Lois"]
[Result "1-0"]
[ECO "C50"]
[WhiteElo "922"]
[BlackElo "631"]
[PlyCount "101"]
[EventDate "2012.??.??"]
[TimeControl "1200+40"]
[WhiteClock "0:11:57"]
[BlackClock "0:12:53"]

1. e4 e5 2. Nf3 Nc6 3. Nc3 Bc5 4. Bc4 Nf6 5. d3 O-O 6. Bg5 h6 7. Bh4 Be7 8. Bg3
d6 9. Qd2 Bg4 10. O-O-O Na5 11. Bd5 Nxd5 12. Nxd5 Be6 13. Qxa5 Rc8 14. h3 c6
15. Qxd8 Rcxd8 16. Nxe7+ Kh8 17. Bh4 Rde8 18. Nf5 Bxa2 19. b3 b5 20. Nxd6 Rb8
21. Be7 Rg8 22. Nxf7+ Kh7 23. N7xe5 Rge8 24. Bd6 Rb6 25. Bc5 Rb7 26. d4 a5 27.
Nxc6 a4 28. Nd2 axb3 29. cxb3 Rc8 30. Na5 Rd7 31. Nf3 Ra8 32. Nc6 Bxb3 33. Kd2
Bxd1 34. Rxd1 Ra2+ 35. Ke3 Rd8 36. Nxd8 Ra8 37. Ne6 Rb8 38. Nc7 b4 39. Rb1 Rc8
40. Nd5 Ra8 41. Rxb4 Ra3+ 42. Kf4 g5+ 43. Ke5 Ra8 44. Rb7+ Kg6 45. Ne7+ Kf7 46.
Nf5+ Kg6 47. h4 Re8+ 48. Re7 Rd8 49. Rg7+ Kh5 50. hxg5 hxg5 51. Rxg5# 1-0

[Event "Nationale Pupillendag 2012 - Cat. F"]
[Site "Roosendaal"]
[Date "2012.06.16"]
[Round "1.12"]
[White "Vos, Boris"]
[Black "Maes, Djad"]
[Result "0-1"]
[ECO "C50"]
[WhiteElo "452"]
[BlackElo "845"]
[PlyCount "63"]
[EventDate "2012.??.??"]
[TimeControl "1200+180"]
[WhiteClock "0:08:58"]
[BlackClock "0:13:08"]

1. e4 e5 2. Nc3 Nf6 3. Nf3 Nc6 4. Bc4 Bc5 5. O-O O-O 6. d3 d6 7. Bg5 Bg4 8. h3
Bxf3 9. Qxf3 Nd4 10. Qd1 c6 11. Be3 d5 12. exd5 cxd5 13. Nxd5 Nxd5 14. Bxd4
Bxd4 15. c3 Bb6 16. d4 exd4 17. cxd4 Nf6 18. Re1 Qxd4 19. Qb3 Qxf2+ 20. Kh1
Rfc8 21. Bxf7+ Kf8 22. Be6 Re8 23. Qb4+ Qc5 24. Qh4 Bc7 25. Rac1 Qd6 26. Kg1
Rxe6 27. Rcd1 Rxe1+ 28. Rxe1 Qg3 29. Qe4 Nxe4 30. Rxe4 Qd3 31. Rf4+ {Qe3+ 
[%clk 0:14:23] Rf2+ [%clk 0:11:50] Qxf2+ Kxf2 [%clk 0:11:27] Re8 [%clk 0:14:18]
g4 [%clk 0:11:17] Be5 [%clk 0:14:07] Ke2 [%clk 0:11:10] Bxb2+ [%clk 0:14:05]
Kd2 [%clk 0:11:06] Ba3 [%clk 0:14:02] Kc2 Re2+ Kd3 [%clk 0:10:55] Rxa2 [%clk 0:
13:59] Ke4 [%clk 0:10:49] Rh2 [%clk 0:13:58] Kf3 [%clk 0:10:44] Rxh3+ [%clk 0:
13:56] Kf4 [%clk 0:10:40] Bd6+ [%clk 0:13:48] Kg5 [%clk 0:10:33] Rg3 [%clk 0:
13:42] Kh4 [%clk 0:10:24] a5 [%clk 0:13:39] Kg5 [%clk 0:10:14] Rxg4+ [%clk 0:
13:32] Kf5 [%clk 0:10:12] a4 [%clk 0:13:29] Ke6 [%clk 0:10:07] a3 [%clk 0:13:
26] Kxd6 [%clk 0:10:03] a2 [%clk 0:13:23] Ke5 [%clk 0:09:57] Re4+ [%clk 0:13:
21] Kf5 [%clk 0:09:53] Re5+ [%clk 0:13:18] Kxe5 [%clk 0:09:47] a1=Q+ [%clk 0:
13:14] Ke4 [%clk 0:09:45] Qa5 [%clk 0:13:10] Kd4 [%clk 0:09:42] Qb5 [%clk 0:13:
09] Ke4 [%clk 0:09:39]} Ke7 {Kd4 [%clk 0:09:35] Kd6 [%clk 0:13:07] Ke4 [%clk 0:
09:33] Qd5+ [%clk 0:13:07] Kf4 [%clk 0:09:30] Qe5+ [%clk 0:13:06] Kf3 [%clk 0:
09:26] Qd4 [%clk 0:13:06] Ke2 [%clk 0:09:21] Qc3 [%clk 0:13:05] Kd1 [%clk 0:09:
11] Qb2 [%clk 0:13:05] Ke1 [%clk 0:09:08] Qc2 [%clk 0:13:04] Kf1 [%clk 0:09:02]
Qd2 [%clk 0:13:03] Kg1 [%clk 0:09:01] Qe2 [%clk 0:13:02]} 32. Kh1 {Ke5 [%clk 0:
13:00] Kg1 [%clk 0:08:57] Kf4 [%clk 0:13:00] Kh1 [%clk 0:08:54] Kg3 [%clk 0:12:
59] Kg1 Qg2#} 0-1

[Event "Nationale Pupillendag 2012 - Cat. F"]
[Site "Roosendaal"]
[Date "2012.06.16"]
[Round "1.2"]
[White "Mathieu, Pieter"]
[Black "Hilwerda, Jonas"]
[Result "0-1"]
[ECO "C50"]
[WhiteElo "702"]
[BlackElo "1255"]
[PlyCount "64"]
[EventDate "2012.??.??"]
[TimeControl "1200+115"]
[WhiteClock "0:10:49"]
[BlackClock "0:14:29"]

1. e4 e5 2. Nf3 Nc6 3. Bc4 Nf6 4. Nc3 Bc5 5. d3 h6 6. O-O d6 7. h3 O-O 8. Bd5
Nxd5 9. exd5 Nd4 10. Be3 Qf6 11. Nxd4 exd4 12. Bd2 dxc3 13. Bxc3 Bd4 14. Re1
Bf5 15. Bxd4 Qxd4 16. Qf3 Bg6 17. c3 Qxd3 18. Re3 Qf5 19. Qg3 Rfe8 20. Rf3 Qg5
21. Qh2 Qxd5 22. b3 Re2 23. c4 Qe6 24. Re3 Rxe3 25. fxe3 Qxe3+ 26. Kh1 Re8 27.
g3 Be4+ 28. Qg2 Bxg2+ 29. Kxg2 Qe2+ 30. Kh1 Qf2 31. Rg1 Re2 32. h4 Qh2# 0-1

[Event "Nationale Pupillendag 2012 - Cat. F"]
[Site "Roosendaal"]
[Date "2012.06.16"]
[Round "1.5"]
[White "Honkoop, Gilian"]
[Black "Dijkstra, Veronika"]
[Result "1-0"]
[ECO "C33"]
[WhiteElo "1022"]
[BlackElo "691"]
[PlyCount "47"]
[EventDate "2012.??.??"]
[TimeControl "1200+140"]
[WhiteClock "0:17:36"]
[BlackClock "0:09:17"]

1. e4 e5 2. f4 exf4 3. d4 d6 4. Bxf4 Nf6 5. Nc3 Bg4 6. Be2 Bxe2 7. Ngxe2 Qe7 8.
Ng3 b5 9. a3 Qe6 10. O-O d5 11. exd5 Nxd5 12. Re1 Nxf4 13. Rxe6+ fxe6 14. Qf3
Ng6 15. Qxa8 Nf4 16. Qxb8+ Kf7 17. Qxc7+ Ke8 18. Qxf4 Be7 19. Re1 Rf8 20. Qc7
Rf7 21. Rxe6 a5 22. Nd5 g6 23. Rxe7+ Rxe7 24. Qxe7# 1-0

[Event "Nationale Pupillendag 2012 - Cat. F"]
[Site "Roosendaal"]
[Date "2012.06.16"]
[Round "1.9"]
[White "Heijnen, Silvan"]
[Black "Heskes, Johan"]
[Result "1-0"]
[ECO "C44"]
[WhiteElo "889"]
[BlackElo "526"]
[PlyCount "107"]
[EventDate "2012.??.??"]
[TimeControl "1200+40"]
[WhiteClock "0:15:44"]
[BlackClock "0:16:54"]

1. e4 e5 2. Nf3 Nc6 3. d4 exd4 4. Nxd4 Nxd4 5. Qxd4 Nf6 6. Nc3 b6 7. Bc4 Bc5 8.
Qd1 d6 9. h3 Bb7 10. Qd3 O-O 11. O-O Re8 12. Re1 c6 13. Bg5 d5 14. exd5 Rxe1+
15. Rxe1 cxd5 16. Bxd5 Bxd5 17. Nxd5 Be7 18. Nxf6+ Bxf6 19. Qxd8+ Rxd8 20. Bf4
h6 21. Be5 Re8 22. f4 a5 23. Kf1 Bh4 24. Re4 f6 25. f5 Bg5 26. h4 Bd2 27. Rd4
Be3 28. Rd3 fxe5 29. Rxe3 e4 30. Ke2 b5 31. Rc3 b4 32. Rc5 a4 33. Rc4 e3 34.
Rxb4 Kh7 35. Rxa4 g5 36. fxg6+ Kxg6 37. Ra3 Kf5 38. Rxe3 Rxe3+ 39. Kxe3 h5 40.
Kd4 Kg4 41. a4 Kxh4 42. a5 Kg3 43. a6 h4 44. a7 Kxg2 45. a8=Q+ Kg3 46. Qa3+ Kf4
47. Qe3+ Kf5 48. Qe4+ Kf6 49. Qxh4+ Kg6 50. Qf4 Kh7 51. Qg5 Kh8 52. Ke5 Kh7 53.
Kf6 Kh8 54. Qg7# 1-0

[Event "Nationale Pupillendag 2012 - Cat. F"]
[Site "Roosendaal"]
[Date "2012.06.16"]
[Round "1.10"]
[White "Bolleman, Brigitte"]
[Black "Kerkmeester, Cedric"]
[Result "0-1"]
[ECO "C20"]
[WhiteElo "519"]
[BlackElo "882"]
[PlyCount "75"]
[EventDate "2012.??.??"]
[TimeControl "1200+80"]
[WhiteClock "0:11:07"]
[BlackClock "0:11:17"]

1. e4 e5 2. Be2 Nf6 3. Nf3 Nc6 4. Nc3 Be7 5. O-O O-O 6. d3 d5 7. Bg5 d4 8. Na4
b5 9. Bxf6 Bxf6 10. Nc5 h6 11. c3 Bg4 12. h3 Bh5 13. cxd4 exd4 14. e5 Be7 15.
Nb3 a5 16. Nbd2 Qd5 17. b3 Bxf3 18. Bxf3 Qe6 19. Bg4 Qg6 20. Re1 Qxd3 21. f3
Nb4 22. a3 Nc2 23. Rf1 Nxa1 24. Qxa1 Qxd2 25. Rd1 Qe3+ 26. Kf1 Qxb3 27. Ke1
Bh4+ 28. Kd2 Qe3+ 29. Kc2 d3+ 30. Rxd3 Qe2+ 31. Rd2 Qc4+ 32. Kd1 Qf1+ 33. Kc2
Qxa1 34. Rd3 Qxe5 35. f4 Qxf4 36. Be2 Qf2 37. Rd2 Qc5+ 38. Kb2 0-1

[Event "Nationale Pupillendag 2012 - Cat. F"]
[Site "Roosendaal"]
[Date "2012.06.16"]
[Round "1.11"]
[White "Van Harten, Eva"]
[Black "Bakker, Mark"]
[Result "1-0"]
[ECO "A02"]
[WhiteElo "867"]
[BlackElo "493"]
[PlyCount "119"]
[EventDate "2012.??.??"]
[TimeControl "1200+65"]
[WhiteClock "0:08:53"]
[BlackClock "0:14:07"]

1. f4 e5 2. fxe5 Qh4+ 3. g3 Be7 4. d3 Qb4+ 5. Nc3 Nc6 6. Nf3 d6 7. exd6 Bxd6 8.
Bg2 Nf6 9. e4 O-O 10. O-O Bg4 11. Bg5 Bxf3 12. Qxf3 Qd4+ 13. Kh1 Be5 14. Rf2 h6
15. Bxf6 Bxf6 16. Raf1 Nb4 17. a3 Na6 18. Qf4 Be5 19. Qg4 Qd6 20. Qh5 Qd7 21.
Bh3 Qe8 22. Rf5 Bxc3 23. bxc3 Rd8 24. R5f4 g5 25. Rf5 Qe6 26. Rxg5+ hxg5 27.
Bxe6 fxe6 28. Rxf8+ Rxf8 29. Qxg5+ Kh8 30. Qh6+ Kg8 31. Qxe6+ Kh8 32. Qd5 c6
33. Qd7 Rf1+ 34. Kg2 Rd1 35. Qxb7 Rd2+ 36. Kh3 Nc5 37. Qxa7 Ne6 38. Qa8+ Kg7
39. Qxc6 Nd8 40. Qa4 Kf6 41. Qb3 Ne6 42. a4 Rf2 43. a5 Kg7 44. Qxe6 Rf6 45.
Qxf6+ Kxf6 46. a6 Ke7 47. a7 Kd7 48. a8=R Kc7 49. Rf8 Kd7 50. g4 Ke7 51. Rf5
Ke6 52. g5 Ke7 53. g6 Kd6 54. g7 Ke7 55. g8=R Kd7 56. Rg6 Ke7 57. Ra6 Kd7 58.
Rf7+ Ke8 59. Rb7 Kd8 60. Ra8# 1-0

[Event "Nationale Pupillendag 2012 - Cat. F"]
[Site "Roosendaal"]
[Date "2012.06.16"]
[Round "1.15"]
[White "Tran, Tommy"]
[Black "Stikker, Julia"]
[Result "1-0"]
[ECO "C44"]
[WhiteElo "813"]
[BlackElo "436"]
[PlyCount "82"]
[EventDate "2012.??.??"]
[TimeControl "1200+90"]
[WhiteClock "0:11:12"]
[BlackClock "0:06:27"]

1. e4 e5 2. Nf3 Nc6 3. d4 Bb4+ 4. Bd2 Nf6 5. dxe5 Nxe4 6. Bxb4 Nxb4 7. Bc4 O-O
8. O-O d5 9. exd6 Bg4 10. Re1 Nf6 11. c3 Nc6 12. h3 Bxf3 13. Qxf3 Nd7 14. dxc7
Qxc7 15. Bd3 Nde5 16. Qe4 Nxd3 17. Qxd3 Ne5 18. Qd4 Nc4 19. b3 Na5 20. Re3 Rac8
21. Rg3 Qxg3 22. fxg3 Nc6 23. Qg4 Rcd8 24. c4 Ne5 25. Qg5 Rd1+ 26. Kf2 Nd3+ 27.
Ke2 Nb2 28. Qe5 Rdd8 29. Qxb2 Rde8+ 30. Kf1 Rd8 31. Nd2 Rd6 32. Nf3 h6 33. Nh4
f5 34. Kg1 Rd3 35. Rf1 Re3 36. Nxf5 Rxf5 37. Rxf5 Re1+ 38. Rf1 Rxf1+ 39. Kxf1
b6 40. Qe2 Kh7 41. Qe7 Kg6 1-0

[Event "Nationale Pupillendag 2012 - Cat. F"]
[Site "Roosendaal"]
[Date "2012.06.16"]
[Round "2.3"]
[White "Meijer, Arjen"]
[Black "De Boer, Eelke"]
[Result "0-1"]
[ECO "C22"]
[WhiteElo "796"]
[BlackElo "1205"]
[PlyCount "54"]
[EventDate "2012.??.??"]
[TimeControl "1200+70"]
[WhiteClock "0:14:08"]
[BlackClock "0:14:01"]

1. e4 e5 2. d4 exd4 3. Qxd4 Nc6 4. Qd3 Bc5 5. Be3 Bxe3 6. fxe3 d6 7. Nd2 Nf6 8.
O-O-O Bg4 9. Be2 Bxe2 10. Qxe2 O-O 11. Ngf3 Re8 12. Qb5 Rb8 13. Nc4 Nxe4 14.
Qf5 Nf2 15. Ng5 Nxd1 16. Qxh7+ Kf8 17. Kxd1 Qxg5 18. Qh8+ Ke7 19. Qh7 Qxg2 20.
Re1 Qg4+ 21. Kd2 Qxc4 22. Qxg7 Qh4 23. Rf1 Qxh2+ 24. Ke1 Qh5 25. Qf6+ Kf8 26.
Rf4 Rxe3+ 27. Kd2 Qe2+ 0-1

[Event "Nationale Pupillendag 2012 - Cat. F"]
[Site "Roosendaal"]
[Date "2012.06.16"]
[Round "2.5"]
[White "Bruil, Rembrandt"]
[Black "Honkoop, Gilian"]
[Result "1-0"]
[ECO "C30"]
[WhiteElo "752"]
[BlackElo "1022"]
[PlyCount "69"]
[EventDate "2012.??.??"]
[TimeControl "1200+125"]
[WhiteClock "0:13:56"]
[BlackClock "0:08:48"]

1. e4 e5 2. f4 Bc5 3. c3 d6 4. Nf3 Nc6 5. d4 exd4 6. cxd4 Bb4+ 7. Bd2 Bxd2+ 8.
Nbxd2 Nf6 9. Bc4 Bg4 10. O-O Nxd4 11. h3 Bxf3 12. gxf3 O-O 13. Kh2 Nh5 14. f5
Qe8 15. Rg1 Qe5+ 16. Kh1 Ng3+ 17. Kg2 Nh5 18. Kf1 Qh2 19. Qe1 Nc2 20. Qh4 Ne3+
21. Ke1 Qxg1+ 22. Ke2 Qxa1 23. Kxe3 Qg1+ 24. Kd3 Nf6 25. Qf4 Nd7 26. h4 Ne5+
27. Kc3 a6 28. Bb3 Qc5+ 29. Nc4 b5 30. Qg5 bxc4 31. f6 g6 32. Qh6 Qa5+ 33. Kc2
Qd2+ 34. Kxd2 Nxf3+ 35. Kd1 1-0

[Event "Nationale Pupillendag 2012 - Cat. F"]
[Site "Roosendaal"]
[Date "2012.06.16"]
[Round "2.8"]
[White "Janse, Sebastiaan"]
[Black "Schreuder, Ruben"]
[Result "1-0"]
[ECO "B00"]
[WhiteElo "914"]
[BlackElo "733"]
[PlyCount "84"]
[EventDate "2012.??.??"]
[TimeControl "1200+95"]
[WhiteClock "0:14:29"]
[BlackClock "0:14:01"]

1. e4 b6 2. d4 Bb7 3. Nc3 Nc6 4. Nf3 g6 5. Bd3 Bg7 6. Be3 Nf6 7. O-O Ng4 8. Nd2
Nxe3 9. fxe3 O-O 10. e5 e6 11. Qf3 d5 12. exd6 cxd6 13. Qh3 Qg5 14. Nde4 Qh6
15. Qxh6 Bxh6 16. Nxd6 Rab8 17. Rae1 Nb4 18. a3 Nxd3 19. cxd3 Ba6 20. Rf3 Bxd3
21. Rd1 Bc2 22. Rd2 Bb3 23. Rdf2 Rfd8 24. Nxf7 Rf8 25. Nxh6+ Kg7 26. Rxf8 Rxf8
27. Rxf8 Kxf8 28. Kf2 Kg7 29. Ng4 h5 30. Ne5 Kf6 31. Nb5 a6 32. Nc7 a5 33. Na8
b5 34. Nc7 b4 35. axb4 axb4 36. Nc6 Bd5 37. Nxd5+ exd5 38. Nxb4 Ke6 39. Kf3 g5
40. g4 h4 41. h3 Kd6 42. Ke2 Ke6 1-0

[Event "Nationale Pupillendag 2012 - Cat. F"]
[Site "Roosendaal"]
[Date "2012.06.16"]
[Round "2.11"]
[White "Warnaar, Alisha"]
[Black "Van Harten, Eva"]
[Result "0-1"]
[ECO "B11"]
[WhiteElo "452"]
[BlackElo "867"]
[PlyCount "52"]
[EventDate "2012.??.??"]
[TimeControl "1200+55"]
[WhiteClock "0:14:13"]
[BlackClock "0:14:36"]

1. e4 c6 2. Nf3 d5 3. Nc3 Bg4 4. Be2 Nd7 5. exd5 cxd5 6. Nxd5 Ne5 7. Nxe5 Bxe2
8. Qxe2 Qxd5 9. Rg1 Nf6 10. d3 e6 11. Bg5 Be7 12. Ng4 Qxg5 13. Nxf6+ Qxf6 14.
c3 Bd6 15. d4 Bxh2 16. Rh1 Bf4 17. Qe4 g6 18. g3 Bd6 19. O-O-O O-O-O 20. d5
exd5 21. Qxd5 Bf4+ 22. gxf4 Rxd5 23. Rxd5 Qxf4+ 24. Kb1 Qe4+ 25. Ka1 Qxh1+ 26.
Rd1 Qxd1# 0-1

[Event "Nationale Pupillendag 2012 - Cat. F"]
[Site "Roosendaal"]
[Date "2012.06.16"]
[Round "3.2"]
[White "De Boer, Eelke"]
[Black "Kerkmeester, Cedric"]
[Result "1-0"]
[ECO "C44"]
[WhiteElo "1205"]
[BlackElo "882"]
[PlyCount "43"]
[EventDate "2012.??.??"]
[TimeControl "1200+50"]
[WhiteClock "0:14:39"]
[BlackClock "0:14:44"]

1. e4 e5 2. Nf3 Nc6 3. c3 Nf6 4. d4 exd4 5. e5 Ng4 6. cxd4 Bb4+ 7. Bd2 Bxd2+ 8.
Nbxd2 O-O 9. Bc4 d6 10. exd6 Qxd6 11. d5 Nb4 12. O-O Nxd5 13. Ne4 Qb6 14. Bxd5
Rd8 15. Bxf7+ Kxf7 16. Qxd8 Bf5 17. Neg5+ Kg6 18. Qxa8 Qxb2 19. Qe8+ Kh6 20.
Nf7+ Kg6 21. Nd6+ Kh6 22. Nxf5# 1-0

[Event "Nationale Pupillendag 2012 - Cat. F"]
[Site "Roosendaal"]
[Date "2012.06.16"]
[Round "3.3"]
[White "Van Harten, Eva"]
[Black "Bruggink, Tycho"]
[Result "1-0"]
[ECO "A03"]
[WhiteElo "867"]
[BlackElo "1060"]
[PlyCount "139"]
[EventDate "2012.??.??"]
[TimeControl "1200+75"]
[WhiteClock "0:01:46"]
[BlackClock "0:04:52"]

1. f4 d5 2. e3 Nf6 3. Nf3 e6 4. Be2 Nc6 5. O-O Bd6 6. d3 Qe7 7. Nc3 Bb4 8. Bd2
Bxc3 9. Bxc3 Bd7 10. Qd2 O-O-O 11. Rae1 h5 12. Bd1 h4 13. h3 Rdg8 14. e4 dxe4
15. dxe4 Nh5 16. Nd4 Ng3 17. Nxc6 Bxc6 18. Rf3 Bxe4 19. Rxg3 hxg3 20. Rxe4 Rd8
21. Qe1 Qc5+ 22. Kf1 Qf2+ 23. Qxf2 gxf2 24. Be2 Rdg8 25. Kxf2 Rh4 26. Kg3 g5
27. Kf3 gxf4 28. Rxf4 Rxf4+ 29. Kxf4 Rxg2 30. Bd3 Rh2 31. Kg3 Rh1 32. Bh7 f5
33. Kg2 Rc1 34. Bg8 Kd7 35. h4 Rxc2+ 36. Kg3 Ke7 37. Bg7 Rd2 38. h5 Rd8 39. Bh7
Kf7 40. Be5 c6 41. h6 Rd5 42. Bg7 Ra5 43. a3 b5 44. Bd4 a6 45. Bxf5 exf5 46. h7
f4+ 47. Kf3 c5 48. Be5 b4 49. axb4 cxb4 50. h8=Q Ke6 51. Bxf4 Rf5 52. Qc8+ Kf6
53. Qxa6+ Kf7 54. Qc4+ Ke7 55. Qxb4+ Kd7 56. Qc4 Kd8 57. b4 Ke7 58. Qc6 Kd8 59.
b5 Rf7 60. b6 Rd7 61. b7 Ke7 62. b8=R Rd3+ 63. Ke4 Rd7 64. Rb7 Rxb7 65. Qxb7+
Kd8 66. Ke5 Ke8 67. Kd6 Kf8 68. Ke6 Kg8 69. Kf6 Kh8 70. Qg7# 1-0

[Event "Nationale Pupillendag 2012 - Cat. F"]
[Site "Roosendaal"]
[Date "2012.06.16"]
[Round "3.7"]
[White "Honkoop, Gilian"]
[Black "Niemann, Hans"]
[Result "1-0"]
[ECO "B08"]
[WhiteElo "1022"]
[BlackElo "728"]
[PlyCount "99"]
[EventDate "2012.??.??"]
[TimeControl "1200+60"]
[WhiteClock "0:14:31"]
[BlackClock "0:12:33"]

1. d4 Nf6 2. Nc3 g6 3. e4 d6 4. Nf3 Nc6 5. d5 Ne5 6. Nxe5 dxe5 7. f3 Bg7 8. Be2
O-O 9. O-O e6 10. dxe6 fxe6 11. Bg5 Qxd1 12. Raxd1 h6 13. Be3 Kh7 14. Bc4 Nh5
15. Nb5 Rf7 16. Nc3 Bd7 17. Rd2 Rb8 18. Rfd1 Rd8 19. Bxe6 Bxe6 20. Rxd8 Bf6 21.
R8d2 Nf4 22. Bxf4 exf4 23. a3 a5 24. Rd3 Bc4 25. Rd7 Be7 26. Rxc7 Be2 27. Nxe2
b6 28. Rdd7 Bc5+ 29. Rxc5 Rxd7 30. Rb5 Rd2 31. Nc3 Rxc2 32. Rxb6 Rc1+ 33. Kf2
Rc2+ 34. Ke1 Rxg2 35. Nd1 Rg1+ 36. Kd2 Rg2+ 37. Kc1 Rxh2 38. Ra6 Rf2 39. Rxa5
Rxf3 40. Rc5 Rf1 41. Kd2 f3 42. Rc3 f2 43. Rf3 g5 44. Rxf2 Rxf2+ 45. Nxf2 Kg6
46. Kc3 h5 47. b4 h4 48. b5 h3 49. Nxh3 g4 50. Ng1 1-0

[Event "Nationale Pupillendag 2012 - Cat. F"]
[Site "Roosendaal"]
[Date "2012.06.16"]
[Round "3.8"]
[White "Tran, Tommy"]
[Black "Dijkstra, Veronika"]
[Result "1-0"]
[ECO "C50"]
[WhiteElo "813"]
[BlackElo "691"]
[PlyCount "97"]
[EventDate "2012.??.??"]
[TimeControl "1200+125"]
[WhiteClock "0:13:32"]

1. e4 e5 2. Nf3 Nc6 3. Bc4 Bc5 4. d3 Nf6 5. O-O d6 6. Bg5 Bg4 7. Be3 Bxe3 8.
fxe3 Bxf3 9. Rxf3 O-O 10. Nc3 Nb4 11. a3 Nc6 12. Qe1 a6 13. Qg3 b5 14. Ba2 b4
15. axb4 Nxb4 16. Rc1 Nxa2 17. Nxa2 Rb8 18. Rb1 Qd7 19. Qh4 Qa4 20. Nc3 Qc6 21.
Rg3 d5 22. Qg5 g6 23. Rf3 Nh5 24. exd5 Qd6 25. Ne4 Qd8 26. Nf6+ Nxf6 27. Qxf6
Qxf6 28. Rxf6 Rfd8 29. e4 Kg7 30. Rxa6 Kh6 31. Ra7 Rd7 32. d6 Rc8 33. Rf1 Kg5
34. b3 Rcd8 35. dxc7 Rc8 36. c4 Rdxc7 37. Rxc7 Rxc7 38. b4 Rb7 39. b5 f6 40. g3
h5 41. Rc1 f5 42. Kg2 fxe4 43. dxe4 Kf6 44. c5 Rxb5 45. c6 Rb8 46. c7 Rc8 47.
Rc6+ Ke7 48. Kf3 Kd7 49. Rc5 1-0

[Event "Nationale Pupillendag 2012 - Cat. F"]
[Site "Roosendaal"]
[Date "2012.06.16"]
[Round "3.9"]
[White "Schreuder, Ruben"]
[Black "Warnaar, Alisha"]
[Result "1-0"]
[ECO "A00"]
[WhiteElo "733"]
[BlackElo "452"]
[PlyCount "80"]
[EventDate "2012.??.??"]
[TimeControl "1200+65"]
[WhiteClock "0:16:22"]
[BlackClock "0:14:34"]

1. g3 d6 2. Bg2 Nf6 3. Nf3 e5 4. O-O Nc6 5. Nc3 Bg4 6. d3 Bxf3 7. Bxf3 Nd4 8.
Bg5 Nxf3+ 9. exf3 Be7 10. Bxf6 Bxf6 11. Nd5 Bg5 12. Re1 f6 13. Ne3 Bxe3 14.
Rxe3 O-O 15. c3 d5 16. d4 Qd6 17. dxe5 fxe5 18. Qe1 Rfe8 19. f4 e4 20. f3 Qg6
21. fxe4 dxe4 22. Rd1 c5 23. b4 b6 24. bxc5 bxc5 25. Rd5 Rac8 26. Re5 Rxe5 27.
fxe5 Re8 28. Rxe4 Qb6 29. Qf2 Rf8 30. Qe2 c4+ 31. Kg2 Rf2+ 32. Qxf2 Qxf2+ 33.
Kxf2 Kf7 34. e6+ Ke7 35. Kf3 g6 36. Kg4 h5+ 37. Kg5 a5 38. Kxg6 a4 39. Kxh5 a3
40. Kg5 Ke8 1-0

[Event "Nationale Pupillendag 2012 - Cat. F"]
[Site "Roosendaal"]
[Date "2012.06.16"]
[Round "3.14"]
[White "Vergos, Marios Timon"]
[Black "Lagerweij, Lois"]
[Result "1-0"]
[ECO "C48"]
[WhiteElo "760"]
[BlackElo "631"]
[PlyCount "73"]
[EventDate "2012.??.??"]
[TimeControl "1200+70"]
[WhiteClock "0:14:51"]
[BlackClock "0:13:16"]

1. e4 e5 2. Nf3 Nc6 3. Bb5 Nf6 4. Nc3 a6 5. Bxc6 dxc6 6. Nxe5 Bd6 7. d4 c5 8.
Nc4 cxd4 9. Qxd4 Be6 10. e5 Be7 11. Qxd8+ Rxd8 12. exf6 Bxf6 13. O-O Rd4 14.
Ne3 O-O 15. h3 Be5 16. g3 Bd7 17. f4 Bf6 18. g4 Rd6 19. Ne4 Rb6 20. Nxf6+ gxf6
21. Rf3 Bc6 22. Rg3 Be4 23. g5 f5 24. b3 Bc6 25. Bb2 Rd8 26. Nxf5 Be4 27. Ne7+
Kf8 28. Re1 Bxc2 29. Bf6 Bd1 30. Ng6+ Kg8 31. Bxd8 Rd6 32. Bf6 fxg6 33. Re8+
Kf7 34. Re7+ Kf8 35. Rge3 Kg8 36. Re8+ Kf7 37. R3e7# 1-0

[Event "Nationale Pupillendag 2012 - Cat. F"]
[Site "Roosendaal"]
[Date "2012.06.16"]
[Round "3.15"]
[White "Kunowski, Casper"]
[Black "Heskes, Johan"]
[Result "0-1"]
[ECO "C46"]
[WhiteElo "746"]
[BlackElo "526"]
[PlyCount "20"]
[EventDate "2012.??.??"]
[TimeControl "1200+20"]
[WhiteClock "0:19:22"]
[BlackClock "0:19:24"]

1. e4 e5 2. Nf3 Nc6 3. Nc3 Bb4 4. Bc4 Bxc3 5. bxc3 d6 6. Ng5 Qxg5 7. d3 Qxg2 8.
Ke2 Bg4+ 9. Kd2 Bxd1 10. Rxd1 Qxf2# 0-1